 Dungeon Crawl Stone Soup version 0.25.1-2-g60ff931df9 (webtiles) character file.

Game seed: 1825365841536377477

22850 HawFromDerth the Severer (level 12, -19/115 HPs)
             Began as a Deep Dwarf Berserker on Sept 20, 2020.
             Was an Elder of Trog.
             Killed from afar by a wizard (38 damage)
             ... with a crystal spear
             ... on level 13 of the Dungeon.
             The game lasted 00:42:38 (12345 turns).

HawFromDerth the Severer (Deep Dwarf Berserker)    Turns: 12345, Time: 00:42:39

Health: -19/115    AC: 18    Str: 26    XL:     12   Next: 66%
Magic:  8/8        EV: 10    Int:  8    God:    Trog [****..]
Gold:   478        SH:  0    Dex: 12    Spells: 11/11 levels left

rFire    + . .     SeeInvis .   a - +3 war axe (vamp)
rCold    x . .     Gourm    .   (no shield)
rNeg     . . .     Faith    .   e - +0 plate armour
rPois    .         Spirit   .   (no helmet)
rElec    .         Reflect  .   s - +0 cloak {Stlth+}
rCorr    .         Harm     .   u - +0 pair of gloves
MR       +++..                  (no boots)
Stlth    ..........             (no amulet)
HPRegen  1.00/turn              d - ring of fire
MPRegen  0.11/turn              D - ring of stealth

@: non-regenerating
A: damage resistance, heal wounds, sense surroundings 2, no regeneration
a: Heal Wounds, Berserk, Trog's Hand, Brothers in Arms, Renounce Religion


You were on level 13 of the Dungeon.
You worshipped Trog.
Trog was greatly pleased with you.
You were hungry.

You visited 1 branch of the dungeon, and saw 13 of its levels.

You collected 938 gold pieces.
You spent 460 gold pieces at shops.

Inventory:

Hand Weapons
 a - a +3 vampiric war axe (weapon)
Armour
 e - a +0 plate armour (worn)
 s - a +0 cloak of stealth (worn)
 u - a +0 pair of gloves (worn)
Magical Staves
 z - an uncursed staff of conjuration {unknown}
Jewellery
 d - a ring of fire (left hand)
 m - an uncursed ring of ice
 y - a +6 ring of intelligence
 D - a ring of stealth (right hand)
Wands
 j - a wand of flame (31)
 k - a wand of polymorph (16)
 t - a wand of disintegration (12)
 v - a wand of iceblast (13)
 x - a wand of random effects (24)
Scrolls
 g - 5 scrolls of fog
 h - 2 scrolls of blinking
 l - 4 scrolls of teleportation
 n - 5 scrolls of remove curse
 p - 7 scrolls of identify
 w - a scroll of holy word {unknown}
 C - a scroll of brand weapon {unknown}
 F - a scroll of magic mapping
Potions
 b - a potion of stabbing
 f - a potion of flight
 i - 2 potions of magic
 o - 4 potions of degeneration
 r - 2 potions of resistance
 B - a potion of ambrosia
 E - a potion of might
Comestibles
 c - 13 rations
 q - 12 chunks of flesh


   Skills:
 + Level 9.5 Fighting
 + Level 15.6 Axes
 + Level 12.0 Armour
 + Level 4.8 Dodging
 + Level 3.3 Stealth
 + Level 0.9 Unarmed Combat


You had 11 spell levels left.
You didn't know any spells.
Your spell library was empty.

Dungeon Overview and Level Annotations

Branches:
Dungeon (13/15)            Temple (0/1) D:5            Lair (0/6) D:9
    Orc (0/2) D:10         Vaults (0/5) D:13

Altars:
Ashenzari
Fedhas
Okawaru
Qazlal
Ru
Xom

Shops:
D:6 !   D:8 (   D:11 *

Annotations:
D:7 1 transporter


Innate Abilities, Weirdness & Mutations

You are resistant to damage.
You can heal yourself by infusing magical energy.
You passively map the area around you.
You do not regenerate.


Message History

* * * LOW HITPOINT WARNING * * *
The wizard hits you but does no damage.
You feel much better. The wizard barely misses you.
The necromancer hits you but does no damage.
Your skin crawls.
You feel resistant to hostile enchantments.
You feel quite a bit more hungry.
The wizard gestures at you while chanting.
The bolt of cold hits you!!
You feel a terrible chill!
* * * LOW HITPOINT WARNING * * *
The necromancer hits you but does no damage.
The wizard hits you but does no damage.
You fail to use your ability.
The necromancer hits you but does no damage.
The wizard hits you but does no damage.
Your ogre goes berserk!
You are feeling hungry.
The wizard casts a spell at you. The crystal spear hits you!!!
You die...

, , , * , , , , , ,*
* , , * * ,, , * *
######### , ,
######.......#,* , *
##..#.#...O.p.# * <
#.....#...p@..#
##....####'##### * ,
###...........# ,
##.)...........#* ,*
####..............#*,
,
##.......#######+#...
* #........# , .. ,,
, #........#+ * # * ,
* ###........# , + **
, ,


You could see a necromancer, a wizard (fast) and a friendly ogre (summoned,
berserk).

Vanquished Creatures
  Erolcha (D:9)
  A hydra (D:12)
  3 two-headed ogres
  The ghost of Alannah the Warmonger, a novice GrFi of Okawaru (D:9)
  Pikel (D:8)
  A manticore (D:11)
  A cyclops (D:12)
  A deep elf mage (D:13)
  Maurice (D:8)
  A gargoyle (D:12)
  2 kobold demonologists (D:13)
  A troll (D:13)
  4 polar bears (D:11)
  2 hippogriffs
  A spriggan (D:7)
  A vampire (D:13)
  A wyvern (D:12)
  A wraith (D:10)
  33 yaks
  2 basilisks (D:9)
  2 vampire mosquitoes (D:13)
  A soldier ant (D:12)
  An acid dragon (D:11)
  A water moccasin (D:12)
  3 porcupines (D:9)
  A sky beast (D:8)
  A hornet zombie (D:11)
  8 orc warriors
  2 slaves (D:8)
  2 black bears
  2 phantoms
  2 ice beasts
  3 ogres
  A wolf (D:11)
  5 centaurs
  2 crocodiles (D:9)
  A big kobold (D:9)
  7 bullfrogs
  A gnoll sergeant (D:8)
  A wyvern zombie (D:10)
  5 scorpions
  A wyvern skeleton (D:11)
  A troll zombie (D:10)
  10 wights
  2 electric eels (D:11)
  3 howler monkeys
  A bullfrog zombie (D:8)
  3 crimson imps
  3 centaur zombies
  5 hounds
  15 orc wizards
  8 orc priests
  A bullfrog skeleton (D:12)
  2 jellies
  2 iguanas
  2 centaur skeletons
  Natasha (twice) (D:4)
  13 worker ants
  2 ogre zombies (D:10)
  A centaur simulacrum (D:11)
  A hound skeleton (D:6)
  8 gnolls
  9 adders
  2 howler monkey skeletons
  4 shadow imps
  2 white imps (D:11)
  An ooze (D:6)
  2 adder skeletons
  4 dart slugs
  2 leopard geckos
  42 orcs
  2 ball pythons (D:3)
  5 bats
  5 giant cockroaches
  14 goblins
  15 hobgoblins
  14 jackals
  21 kobolds
  5 quokkas
  3 frilled lizards
  A goblin skeleton (D:10)
  3 goblin zombies (D:10)
  4 hobgoblin zombies (D:10)
  An orc skeleton (D:10)
  11 orc zombies (D:10)
  6 rats
  A fungus (D:9)
  2 plants (D:9)
379 creatures vanquished.

Vanquished Creatures (collateral kills)
  Fannar (D:10)
  A two-headed ogre (D:8)
  An efreet (D:12)
  A troll (D:11)
  2 hippogriffs (D:11)
  A basilisk (D:9)
  2 hungry ghosts (D:10)
  A two-headed ogre zombie (D:10)
  A sky beast (D:10)
  A phantom (D:10)
  2 troll zombies (D:10)
  2 electric eels (D:11)
  A centaur skeleton (D:8)
  4 orc wizards
  2 ogre zombies (D:10)
  An adder (D:11)
  6 orcs
  A goblin zombie (D:10)
  An orc skeleton (D:10)
  3 orc zombies (D:10)
35 creatures vanquished.

Vanquished Creatures (others)
  2 fungi (D:9)
  2 plants (D:9)
4 creatures vanquished.

Grand Total: 418 creatures vanquished

Notes
Turn   | Place    | Note
-------+----------+-------------------------------------------
     0 | D:1      | HawFromDerth the Deep Dwarf Berserker began the quest for
                  | the Orb.
     0 | D:1      | Reached XP level 1. HP: 20/20 MP: 1/1
    84 | D:1      | Reached XP level 2. HP: 14/27 MP: 2/2
  1172 | D:2      | Reached XP level 3. HP: 31/34 MP: 3/3
  1258 | D:2      | Found a stormy altar of Qazlal.
  1265 | D:2      | Reached skill level 4 in Axes
  1271 | D:2      | Noticed an air elemental
  1272 | D:2      | Noticed a fire elemental
  1272 | D:2      | Noticed a water elemental
  1272 | D:2      | Noticed an earth elemental
  1282 | D:2      | Reached ** piety under Trog
  1802 | D:2      | Reached XP level 4. HP: 28/42 MP: 4/4
  2051 | D:3      | Reached skill level 1 in Stealth
  2625 | D:3      | Found a sacrificial altar of Ru.
  2638 | D:3      | Reached XP level 5. HP: 15/49 MP: 5/5
  2801 | D:4      | Reached skill level 5 in Axes
  3333 | D:4      | Noticed an ogre
  3340 | D:4      | Killed an ogre
  3340 | D:4      | Reached XP level 6. HP: 29/57 MP: 6/6
  3548 | D:4      | Noticed Natasha
  3555 | D:4      | Killed Natasha
  3555 | D:4      | Reached *** piety under Trog
  3761 | D:4      | Noticed Natasha
  3770 | D:4      | Killed Natasha
  3770 | D:4      | Reached skill level 6 in Axes
  3812 | D:4      | Found an iron altar of Okawaru.
  3871 | D:5      | Entered Level 5 of the Dungeon
  3889 | D:5      | Found a shimmering altar of Xom.
  3895 | D:5      | Found a shattered altar of Ashenzari.
  3990 | D:5      | Found a staircase to the Ecumenical Temple.
  4063 | D:5      | Reached XP level 7. HP: 63/63 MP: 7/7
  4391 | D:5      | Reached skill level 7 in Axes
  4687 | D:6      | Found Kakul's Distillery.
  4700 | D:6      | Found a blossoming altar of Fedhas.
  4722 | D:6      | Reached skill level 5 in Armour
  4724 | D:6      | Reached XP level 8. HP: 43/73 MP: 8/8
  4774 | D:6      | Bought a potion of flight for 36 gold pieces
  4774 | D:6      | Bought a potion of curing for 36 gold pieces
  4774 | D:6      | Bought a potion of curing for 36 gold pieces
  4774 | D:6      | Bought a potion of haste for 120 gold pieces
  4774 | D:6      | Bought a potion of haste for 120 gold pieces
  4774 | D:6      | Bought a potion of curing for 36 gold pieces
  5097 | D:6      | Reached **** piety under Trog
  5097 | D:6      | Reached skill level 8 in Axes
  5517 | D:7      | Reached skill level 5 in Fighting
  5517 | D:7      | Reached skill level 9 in Axes
  5605 | D:7      | Gained mutation: You passively map the area around you.
                  | [Deep Dwarf growth]
  5605 | D:7      | Reached XP level 9. HP: 53/81 MP: 9/9
  5832 | D:7      | Found a transporter.
  5890 | D:7      | Noticed a two-headed ogre
  5913 | D:7      | Killed a two-headed ogre
  5913 | D:7      | Reached skill level 10 in Axes
  6263 | D:8      | Found Veucori's Antique Weapon Boutique.
  6282 | D:8      | Noticed Maurice
  6382 | D:8      | Noticed a two-headed ogre
  6436 | D:8      | Killed a two-headed ogre
  6451 | D:8      | HP: 4/82 [something (5)]
  6526 | D:8      | Killed Maurice
  6526 | D:8      | Reached skill level 11 in Axes
  6526 | D:8      | Reached XP level 10. HP: 91/91 MP: 10/10
  7399 | D:8      | Noticed Pikel
  7415 | D:8      | Killed Pikel
  7524 | D:9      | Reached skill level 12 in Axes
  7688 | D:9      | Found a staircase to the Lair.
  7974 | D:9      | Noticed Erolcha
  7982 | D:9      | Killed Erolcha
  7982 | D:9      | Reached skill level 13 in Axes
  7982 | D:9      | Reached XP level 11. HP: 60/100 MP: 11/11
  8113 | D:9      | Found a large runed translucent door.
  8113 | D:9      | Found a large runed translucent door.
  8114 | D:9      | Noticed Alannah's ghost (novice GrFi)
  8515 | D:9      | Killed Alannah's ghost
  9085 | D:10     | Entered Level 10 of the Dungeon
  9457 | D:10     | Found a staircase to the Orcish Mines.
  9490 | D:10     | Paralysed by fainting for 6 turns
  9525 | D:10     | Reached skill level 10 in Armour
  9605 | D:10     | Noticed Fannar
  9634 | D:10     | Killed Fannar
 10675 | D:11     | Reached skill level 14 in Axes
 10790 | D:11     | Found Olitogelepn's General Store.
 10818 | D:11     | Bought a +0 pair of gloves for 76 gold pieces
 11029 | D:11     | Reached XP level 12. HP: 92/112 MP: 9/9
 11313 | D:12     | Noticed a two-headed ogre
 11320 | D:12     | Killed a two-headed ogre
 11436 | D:12     | Reached ***** piety under Trog
 11537 | D:12     | Reached skill level 15 in Axes
 11625 | D:12     | Noticed an eight-headed hydra
 11645 | D:12     | Killed a 19-headed hydra
 12310 | D:13     | Noticed a two-headed ogre
 12324 | D:13     | Killed a two-headed ogre
 12337 | D:13     | Found a gate to the Vaults.
 12345 | D:13     | Killed from afar by a wizard

Illustrated notes

Levels and vault maps discovered:
D:1:      giann_forest_graveyard, layout_basic
D:2:      layout_loops_cross, nicolae_qazlal_style_of_elements
D:3:      layout_rooms, nicolae_ru_great_annihilating_truth,
          chequers_serial_rivers_micro_d, minmay_vboxes
D:4:      layout_cave_pools, okawaru_trees_2, first_ration, uniq_natasha
D:5:      corexii_shack_village, layout_loops_ring,
          ashenzari_conservatory_becter, lemuel_crystal_altar,
          minmay_temple_entry_butterflies, nrook_mini_vaults
D:6:      layout_basic, serial_shops, shop, fedhas_altar_2
D:7:      gammafunk_beogh_shrine, layout_rooms, the_bakery
D:8:      layout_gridville, serial_shops, nicolae_shop_overgrown_old_shop,
          uniq_maurice, uniq_pikel
D:9:      layout_gridville, minmay_lair_entry_grove,
          ebering_ghost_disaster_area, uniq_erolcha
D:10:     layout_roguey, zombieorc2_lemuel, uniq_fannar
D:11:     layout_gridville, serial_ice, serial_ice_m, serial_ice_j,
          serial_ice_a, serial_ice_f, serial_ice_e, serial_ice_d, serial_shops,
          shop
D:12:     layout_loops_cross, drop_trap, minivault_23
D:13:     layout_cave_pools, david_vaults_1, serial_shops,
          nicolae_shop_window_shopping, uniq_snorg

Skill      XL: |  1  2  3  4  5  6  7  8  9 10 11 12 |
---------------+-------------------------------------+-----
Fighting       | 3 4 5 6 7 8 9 |  9.5
Axes           | 4 5 6 7 9 11 13 14 15 | 15.6
Stealth        | 1 2 3 |  3.3
Dodging        | 3 4 |  4.8
Armour         | 3 4 5 6 8 9 11 12 | 12.0
Unarmed Combat | |  0.9

Action                   |  1- 3 |  4- 6 |  7- 9 | 10-12 || total
-------------------------+-------+-------+-------+-------++-------
Melee: Hand axe          |   104 |   123 |       |       ||   227
       War axe           |       |    61 |   277 |   724 ||  1062
       Unarmed           |       |       |     8 |       ||     8
       Punch             |       |       |       |     2 ||     2
Invok: Trog's Hand       |       |     2 |     3 |     8 ||    13
       Berserk           |       |     1 |     1 |     6 ||     8
       Brothers in Arms  |       |       |     2 |    13 ||    15
 Abil: Heal Wounds       |     1 |     4 |     3 |    13 ||    21
  Use: Potion            |     2 |     6 |    14 |     3 ||    25
       Scroll            |       |    13 |     3 |     6 ||    22
 Stab: Sleeping          |     3 |       |       |       ||     3
       Distracted        |       |     1 |       |       ||     1
       Paralysed         |       |     3 |       |       ||     3
  Eat: Chunk             |     3 |     5 |     5 |    13 ||    26
       Ration            |       |     1 |     2 |     6 ||     9
Armor: Animal skin       |    25 |    23 |       |       ||    48
       Leather armour    |       |    14 |       |       ||    14
       Chain mail        |       |    18 |       |       ||    18
       Skin              |       |     1 |     4 |       ||     5
       Plate armour      |       |     5 |   170 |   624 ||   799
Dodge: Dodged            |   112 |   131 |   155 |   383 ||   781
